 Dungeon Crawl Stone Soup version 0.22.0 (webtiles) character file.

842 Gergoth the Geomancer (level 8, -7/52 HPs)
             Began as a Formicid Earth Elementalist on Aug 10, 2018.
             Killed by nerve-wracking pain
             ... invoked by an orc priest
              (10 damage)
             ... on level 5 of the Dungeon.
             The game lasted 00:11:18 (4545 turns).

Gergoth the Geomancer (Formicid Earth Elementalist) Turns: 4545, Time: 00:11:19

Health: -7/52      AC:  2    Str: 13    XL:     8   Next: 20%
Magic:  0/18       EV: 12    Int: 17    God:
Gold:   253        SH:  0    Dex: 11    Spells: 5/20 levels left

rFire    . . .     SeeInvis +   s - +0 falchion
rCold    . . .     Gourm    .   (no shield)
rNeg     . . .     Faith    .   c - +0 robe
rPois    .         Spirit   +   (helmet unavailable)
rElec    .         Reflect  .   e - scarf {Spirit}
rCorr    .         Harm     .   (no gloves)
MR       .....                  (no boots)
Stlth    ++........             (no amulet)
HPRegen  0.17/turn              (no ring)
MPRegen  0.16/turn              (no ring)

@: no status effects
A: permanent stasis, dig shafts and tunnels, four strong arms, antennae 3
a: Dig, Shaft Self


You were on level 5 of the Dungeon.
You were not hungry.

You visited 1 branch of the dungeon, and saw 5 of its levels.

You collected 253 gold pieces.

Inventory:

Hand Weapons
 s - a +0 falchion (weapon)
Missiles
 b - 9 stones (quivered)
 f - 27 bolts
Armour
 a - a +0 ring mail
 c - a +0 robe (worn)
 e - a scarf of spirit shield (worn)
Scrolls
 g - 2 scrolls of enchant weapon
 h - a scroll of fog {unknown}
 j - 2 scrolls of identify {@r1}
 k - 2 scrolls of blinking {unknown}
 p - 3 scrolls of teleportation {unknown}
 t - a scroll of remove curse {unknown}
Potions
 i - 2 potions of flight {unknown}
 n - 3 potions of haste {unknown}
 o - 3 potions of heal wounds {unknown}
 q - a potion of lignification {unknown}
Comestibles
 d - 9 rations
 l - 3 chunks of flesh


   Skills:
 - Level 1.7 Dodging
 - Level 2.4 Stealth
 + Level 6.6 Spellcasting
 - Level 1.1 Transmutations
 - Level 8.0 Earth Magic


You had 5 spell levels left.
You knew the following spells:

 Your Spells              Type           Power        Failure   Level  Hunger
a - Sandblast             Erth           ####..       1%          1    None
b - Passwall              Tmut/Erth      ###.....     2%          2    None
c - Stone Arrow           Conj/Erth      ###...       7%          3    ##.....
d - Petrify               Tmut/Erth      ###.....     19%         4    ####...
e - Lee's Rapid Deconstr  Erth           ####......   12%         5    #####..

Your spell library contained the following spells:

 Spells                   Type           Power        Failure   Level  Hunger
 Apportation              Tloc           #.....       12%         1    None
 Summon Small Mammal      Summ           #...         12%         1    None
 Animate Skeleton         Necr           N/A          12%         1    None
 Confusing Touch          Hex            #.....       12%         1    None


Dungeon Overview and Level Annotations

Branches:
Dungeon (5/15)
 Temple: D:4-7

Altars:
Dithmenos
Fedhas
Makhleb
Trog
Wu Jian
Xom

Shops:
D:4 %


Innate Abilities, Weirdness & Mutations

You cannot be hasted, slowed, berserked, paralysed or teleported.
You can dig through walls and to a lower floor.
Your four strong arms can wield two-handed weapons with a shield.
You have a pair of large antennae on your head. (SInv)


Message History

You hit the orc priest but do no damage.
The orc priest is moderately wounded.
The orc hits you with a hand axe.
* * * LOW HITPOINT WARNING * * *
The orc priest invokes the aid of Beogh against you.
You struggle to resist.
The orc barely misses you.
You hit the orc priest.
The orc priest is heavily wounded.
The orc priest closely misses you. The orc closely misses you.
Casting: Sandblast (safe; 1% risk of failure)
Confirm with . or Enter, or press ? or * to list all spells.
Aiming: Sandblast (safe; 1% risk of failure)
Press: ? - help, Shift-Dir - straight line, f - orc priest
Aim: an orc priest, wielding a club and wearing a chain mail (heavily wounded)
The blast of sand hits the orc priest.
The orc priest is severely wounded.
b - 9 stones The orc priest calls down the wrath of Beogh upon you.
Pain shoots through your body!
You die...

#....#.............'......#######
#....#........##...#......#
#....#........##...###....#
.....#..##....##.....#....#
.....#..########.....#....#
.....#..# ####'###....# .....#..#
#...[.......#
.....'..#######...........#
.....#..#.....[o@.<...#+###
.....#..#......o......#
.....#..'.....))......#
.....#..#.............#
.....#..#......####.....
.....#..#......# #......
.....#..#......+ .......
.....#..#......# .......
.....#..'......#


You could see an orc priest and an orc.

Vanquished Creatures
  A sky beast (D:5)
  An ogre (D:3)
  5 wights
  A crimson imp (D:4)
  4 orc wizards
  4 orc priests
  An iguana (D:4)
  A worker ant (D:5)
  4 adders
  An ooze (D:3)
  A worm (D:2)
  A dart slug (D:1)
  2 leopard geckos
  17 orcs
  2 ball pythons
  4 giant cockroaches
  3 hobgoblins
  15 jackals
  7 kobolds
  2 quokkas
  5 bats
  4 frilled lizards
  10 goblins
  A quokka skeleton (D:3)
  5 rats
102 creatures vanquished.

Notes
Turn   | Place    | Note
-------+----------+-------------------------------------------
     0 | D:1      | Gergoth the Formicid Earth Elementalist began the quest for the Orb.
     0 | D:1      | Reached XP level 1. HP: 13/13 MP: 3/3
   219 | D:1      | Reached XP level 2. HP: 19/19 MP: 2/5
   292 | D:1      | Reached skill level 4 in Earth Magic
   587 | D:1      | Reached XP level 3. HP: 22/24 MP: 2/7
   876 | D:2      | Found a faded altar of an unknown god.
  1047 | D:2      | Reached XP level 4. HP: 30/30 MP: 4/8
  1618 | D:3      | Reached skill level 5 in Earth Magic
  1710 | D:3      | Found a burning altar of Makhleb.
  1874 | D:3      | Noticed an ogre
  1880 | D:3      | Killed an ogre
  1880 | D:3      | Reached XP level 5. HP: 35/35 MP: 5/11
  1936 | D:3      | Found a bloodstained altar of Trog.
  1953 | D:3      | Found a blossoming altar of Fedhas.
  2015 | D:3      | Reached XP level 6. HP: 41/41 MP: 8/12
  2070 | D:3      | Found a shadowy altar of Dithmenos.
  2429 | D:4      | Found Tuhusech's Food Shop.
  2849 | D:4      | Reached skill level 6 in Earth Magic
  2956 | D:4      | Found an ornate altar of the Wu Jian Council.
  3019 | D:4      | Found a shimmering altar of Xom.
  3489 | D:5      | Entered Level 5 of the Dungeon
  3509 | D:5      | Reached skill level 5 in Spellcasting
  3576 | D:4      | Reached XP level 7. HP: 31/46 MP: 1/14
  3778 | D:4      | Learned a level 2 spell: Passwall
  3782 | D:4      | Learned a level 3 spell: Stone Arrow
  3787 | D:4      | Learned a level 4 spell: Petrify
  3793 | D:4      | Learned a level 5 spell: Lee's Rapid Deconstruction
  4067 | D:5      | Reached skill level 7 in Earth Magic
  4414 | D:5      | Reached XP level 8. HP: 44/52 MP: 0/17
  4478 | D:5      | Reached skill level 8 in Earth Magic
  4545 | D:5      | Killed from afar by an orc priest

Skill      XL: |  1  2  3  4  5  6  7  8 |
---------------+-------------------------+-----
Earth Magic    | 4 5 6 7 8 |  8.0
Spellcasting   | 3 4 5 6 |  6.6
Dodging        | |  1.7
Stealth        | |  2.4
Transmutations | |  1.1

Action                   |  1- 3 |  4- 6 |  7- 9 || total
-------------------------+-------+-------+-------++-------
Melee: Unarmed           |     3 |     1 |       ||     4
       Falchion          |       |    61 |     6 ||    67
 Cast: Sandblast         |    45 |    69 |    45 ||   159
       Stone Arrow       |       |       |     7 ||     7
 Abil: Dig               |       |       |     2 ||     2
  Use: Scroll            |       |     3 |       ||     3
 Stab: Sleeping          |       |     1 |       ||     1
  Eat: Chunk             |     1 |     8 |       ||     9
       Ration            |       |       |     1 ||     1
Armor: Robe              |     3 |    15 |     2 ||    20
Dodge: Dodged            |    21 |    84 |    21 ||   126
       Rpst.: Falchion   |       |    30 |     5 ||    35
